 Dungeon Crawl Stone Soup version 0.20-a0-351-gc9b4002 (webtiles) character file.

5 4thArraOfDagon the Conjurer (level 1, 0/16 HPs)
             Began as a Mummy Wanderer on Dec 25, 2016.
             Slain by a quokka (3 damage)
             ... on level 5 of the Dungeon.
             The game lasted 00:02:24 (193 turns).

4thArraOfDagon the Conjurer (Mummy Wanderer)         Turns: 193, Time: 00:02:25

Health: 0/16       AC:  2    Str: 13    XL:     1   Next: 66%
Magic:  2/2        EV: 11    Int: 12    God:
Gold:   15         SH:  0    Dex: 12    Spells: 2/2 levels left

rFire  x . .     SeeInvis .     f - +0 spear
rCold  + . .     Gourm    .     d - +0 robe
rNeg   + + +     Faith    .     (no shield)
rPois  ∞         Spirit   .     (no helmet)
rElec  .         Reflect  .     (no cloak)
rCorr  .         Harm     .     (no gloves)
MR     .....                    (no boots)
Stlth  +.........               (no amulet)
                                (no ring)
                                (no ring)

@: no status effects
A: no food or potions, fire vulnerability, cold resistance 1, negative energy
resistance 3, torment resistance, unbreathing
a: no special abilities


You were on level 5 of the Dungeon.
You were not hungry.

You visited 1 branch of the dungeon, and saw 6 of its levels.

You collected 15 gold pieces.

Inventory:

Hand Weapons
 e - a +0 club
 f - a +0 spear (weapon)
Armour
 d - a +0 robe (worn)
 i - a +0 ring mail
Scrolls
 b - 4 scrolls of teleportation
 h - a scroll of identify {unknown}
Books
 a - a book of Minor Magic

   Spells                             Type                      Level
   a - Magic Dart                     Conjuration                  1
   b - Blink                          Translocation                2
   c - Call Imp                       Summoning                    2
   d - Repel Missiles                 Charms/Air                   2
   e - Slow                           Hexes                        2
   f - Conjure Flame                  Conjuration/Fire             3
   g - Mephitic Cloud                 Conjuration/Poison/Air       3
 c - the Handbook of the Road Less Travelled

   Spells                             Type                      Level
   a - Throw Frost                    Conjuration/Ice              2
   b - Throw Flame                    Conjuration/Fire             2
 g - a book of Conjurations

   Spells                             Type                      Level
   a - Magic Dart                     Conjuration                  1
   b - Searing Ray                    Conjuration                  2
   c - Dazzling Spray                 Conjuration/Hexes            3
   d - Fulminant Prism                Conjuration/Hexes            4
   e - Iskenderun's Mystic Blast      Conjuration                  4
   f - Iskenderun's Battlesphere      Conjuration/Charms           5


   Skills:
 - Level 2.0 Fighting
 - Level 0.5 Maces & Flails
 * Level 0.5 Polearms
 - Level 1.0 Throwing
 - Level 1.0 Armour
 - Level 1.3 Spellcasting
   Level 2.4 Conjurations
   Level 1.0 Charms
   Level 1.0 Evocations


You had 2 spell levels left.
You didn't know any spells.

Dungeon Overview and Level Annotations

Branches:
Dungeon (6/15)
 Temple: D:4-7

Altars:

Annotations:
D:3 anet's ghost, amateur DEWz


Innate Abilities, Weirdness & Mutations

You do not eat or drink.
Your flesh is vulnerable to fire.
You are immune to poison.
Your flesh is cold resistant. (rC+)
You are immune to negative energy. (rN+++)
You are immune to unholy pain and torment.
You can survive without breathing.


Message History

A quokka comes into view.
Unknown command.
Unknown command.
Found 18 stones.
There is a stone staircase leading up here.
Unknown command.
You barely miss the quokka. The quokka bites you.
You closely miss the quokka. The quokka closely misses you.
The quokka barely misses you.
You hit the quokka.
The quokka is severely wounded.
The quokka bites you.
* * * LOW HITPOINT WARNING * * *
You barely miss the quokka.
The quokka is severely wounded.
The quokka closely misses you.
You miss the quokka.
The quokka is severely wounded.
The quokka closely misses you. The quokka bites you.
You die...

..#####.. >.'...... .............
..## #............ ...+ .#
#............ .### ...#
#...........# .# ...#
#...........# .+ ...+
+............ .. .. .### ..#
#....r....### ###.#.. ..... #.#
#....@....... .#....
....####.###............ #.....
........................ #.....
........................ # #...#.
........................ #.#...#.
...............#####...(.#....<..
...............+ .............
...............# #...........
.....#########...... ..........


You could see a quokka.

Vanquished Creatures
  A giant cockroach (D:2)
  A hobgoblin (D:3)
  A frilled lizard (D:2)
  A jackal zombie (D:5)
  2 rats (D:2)
6 creatures vanquished.

Notes
Turn   | Place    | Note
-------+----------+-------------------------------------------
     0 | D:1      | 4thArraOfDagon the Mummy Wanderer began the quest for the Orb.
     0 | D:1      | 4thArraOfDagon set off with: a book of Minor Magic, a scroll of teleportation, the Handbook of the Road Less Travelled, a +0 robe, a +0 club
     0 | D:1      | Reached XP level 1. HP: 16/16 MP: 2/2
    38 | D:2      | Identified the Handbook of the Road Less Travelled
   108 | D:3      | Noticed anet's ghost (amateur DEWz)
   138 | D:5      | Entered Level 5 of the Dungeon
   147 | D:6      | Noticed a crimson imp
   193 | D:5      | Slain by a quokka

Vault maps used:
D:1:      minmay_arrival_split_and_join
D:4:      hangedman_abyss_or_decor_slice, roderic_roman_lattice,
          nicolae_ru_great_annihilating_truth
D:5:      kennysheep_mini, tgw_sif, first_bread
D:6:      nicolae_overflow_crystal_walls, gammafunk_temple_overflow_statue,
          kiku_gazebo_pond_becter, minmay_guarded_unrand_staff_of_olgreb,
          uniq_prince_ribbit1

Action                   || total
-------------------------++-------
Melee: Spear             ||    15
       Club              ||     9
  Use: Scroll            ||     1
 Stab: Sleeping          ||     1
Armor: Robe              ||     6
Dodge: Dodged            ||    11
